 Dungeon Crawl Stone Soup version 0.25-a0-561-g0977b4d109 (webtiles) character file.

Game seed: 7849321707867350048, levelgen mode: deterministic

356 surprisetrex the Firebug (level 6, -2/52 HPs)
             Began as a Hill Orc Fire Elementalist on Feb 25, 2020.
             Slain by an orc wizard
             ... wielding a +0 dagger
              (4 damage)
             ... on level 4 of the Dungeon.
             The game lasted 00:32:59 (6402 turns).

surprisetrex the Firebug (HOFE)                     Turns: 6402, Time: 00:32:59

Health: -2/52      AC:  2    Str: 11    XL:     6   Next: 63%
Magic:  0/8        EV: 12    Int: 17    God:
Gold:   177        SH:  0    Dex: 11    Spells: 0/8 levels left

rFire    + . .     SeeInvis .   a - +0 spear
rCold    . . .     Gourm    .   (no shield)
rNeg     . . .     Faith    +   n - +0 robe
rPois    .         Spirit   .   (no helmet)
rElec    .         Reflect  .   (no cloak)
rCorr    .         Harm     .   (no gloves)
MR       .....                  (no boots)
Stlth    ++........             h - amulet of faith
HPRegen  0.17/turn              q - ring of protection from fire
MPRegen  0.11/turn              (no ring)

@: no status effects
A: no striking features
a: no special abilities


You were on level 4 of the Dungeon.
You were hungry.

You visited 1 branch of the dungeon, and saw 4 of its levels.

You collected 177 gold pieces.

Inventory:

Hand Weapons
 a - a +0 spear (weapon)
 b - a +0 hunting sling
Missiles
 d - 94 stones (quivered)
 i - 24 sling bullets
 o - 18 poisoned darts
 y - 4 curare-tipped darts
Armour
 n - a +0 robe (worn)
Jewellery
 h - an amulet of faith (around neck)
 q - a ring of protection from fire (left hand)
 u - an uncursed ring of fire
Scrolls
 e - a scroll of magic mapping {unknown}
 g - a scroll of enchant weapon {unknown}
 j - a scroll of noise {unknown}
 k - 5 scrolls of teleportation {unknown}
 l - a scroll of blinking {unknown}
 p - 4 scrolls of identify {unknown}
 s - a scroll of immolation {unknown}
 t - a scroll of fear {unknown}
 w - a scroll of fog {unknown}
 x - a scroll of enchant armour {unknown}
Potions
 f - a potion of magic {unknown}
 v - a potion of flight {unknown}
Comestibles
 c - 3 rations


   Skills:
 + Level 3.8 Fighting
 - Level 1.5 Dodging
 - Level 1.5 Stealth
 - Level 1.5 Spellcasting
 - Level 1.0 Conjurations
 + Level 7.0 Fire Magic


You couldn't memorise any spells.
You knew the following spells:

 Your Spells              Type           Power        Failure   Level  Hunger
a - Foxfire               Conj/Fire      ##..         4%          1    ##.....
b - Conjure Flame         Conj/Fire      ##......     12%         3    ####...
c - Sticky Flame          Conj/Fire      ##......     36%         4    #####..

Your spell library contained the following spells:

 Spells                   Type           Power        Failure   Level  Hunger
 Inner Flame              Hex/Fire       ##......     14%         3    ####...
 Fireball                 Conj/Fire      ##........   73%         5    ######.


Dungeon Overview and Level Annotations

Branches:
Dungeon (4/15)
 Temple: D:4-7

Altars:
Gozag
Hepliaklqana
Trog

Shops:
D:3 *

Annotations:
D:3 2 runed translucent doors, olaf's ghost, amateur KoEn
D:4 Grinder


Message History

Something tries to affect you, but you resist.
Things that are here:
a +3 mace; a +0 ring mail You hear some strange, mumbled words.
A puff of flame appears from out of thin air!
The puff of flame hits you. You resist.
* * * LOW HITPOINT WARNING * * *
Things that are here:
a +0 mace; a +0 ring mail; an orc corpse Something hits you.
* * * LOW HITPOINT WARNING * * *
It was a potion of cancellation.
You feel magically purged.
An orc wizard appears from thin air!
Reactivating autopickup.
The orc wizard barely misses you.
Casting: Foxfire (safe; 4% risk of failure)
Confirm with . or Enter, or press ? or * to list all spells.
You conjure some foxfire!
The orc wizard hits you with a +0 dagger.
You die...

..<.....#.# #.....######
........#.# #.....#
........#.# ###.#.#
........#.# #.#.#
........#.# #.#.#
.%......#.#####.#.######
..#.###)#.....#.#.......
#v#####.#.########
###@#...#.#.#
#.ov#.#.#.#.#
#.###.#.#.#.#
#.##....#.#.#
#.##..###.#.#
#.........#.# ###
###########[# #.. #.#
#.# #.# #.#


You could see an orc wizard.

Vanquished Creatures
  An orc wizard (D:4)
  Jessica (D:3)
  2 worker ants (D:4)
  A hound zombie (D:3)
  A hound skeleton (D:4)
  4 gnolls (D:3)
  10 adders
  A shadow imp (D:3)
  5 worms
  6 orcs
  A ball python (D:2)
  7 bats
  6 giant cockroaches
  4 goblins
  6 hobgoblins
  6 jackals
  A quokka (D:3)
  5 frilled lizards
  5 kobolds
  14 rats
87 creatures vanquished.

Vanquished Creatures (others)
  234 foxfires
234 creatures vanquished.

Grand Total: 321 creatures vanquished

Notes
Turn   | Place    | Note
-------+----------+-------------------------------------------
     0 | D:1      | surprisetrex the Hill Orc Fire Elementalist began the quest
                  | for the Orb.
     0 | D:1      | Reached XP level 1. HP: 14/14 MP: 3/3
   238 | D:1      | Reached XP level 2. HP: 20/20 MP: 1/4
   554 | D:1      | Reached skill level 4 in Fire Magic
  1339 | D:1      | Reached XP level 3. HP: 16/26 MP: 0/5
  1554 | D:1      | Reached skill level 5 in Fire Magic
  2025 | D:2      | Reached XP level 4. HP: 26/33 MP: 3/6
  2258 | D:2      | Learned a level 3 spell: Conjure Flame
  2830 | D:3      | Found Gozag's Platinum Reserve.
  2875 | D:3      | Found an opulent altar of Gozag.
  2951 | D:3      | Noticed Jessica
  2971 | D:3      | Killed Jessica
  2971 | D:3      | Reached skill level 1 in Fighting
  2971 | D:3      | Reached skill level 6 in Fire Magic
  2971 | D:3      | Reached XP level 5. HP: 40/40 MP: 1/7
  3375 | D:3      | Found a hazy altar of Hepliaklqana.
  3954 | D:3      | Noticed a moth of wrath
  3957 | D:3      | Found a bloodstained altar of Trog.
  4484 | D:3      | Found a large runed translucent door.
  4484 | D:3      | Found a large runed translucent door.
  4485 | D:3      | Noticed olaf's ghost (amateur KoEn)
  4573 | D:4      | Reached XP level 6. HP: 40/50 MP: 8/8
  4637 | D:4      | Learned a level 4 spell: Sticky Flame
  5245 | D:4      | Noticed Grinder
  5940 | D:4      | HP: 1/52 [orc/+1 mace of protection (5)]
  6368 | D:4      | Reached skill level 7 in Fire Magic
  6400 | D:4      | HP: 1/52 [something (4)]
  6402 | D:4      | Slain by an orc wizard

Levels and vault maps discovered:
D:1:      enne_arrival_octagon_isle, layout_basic, minmay_misc_feat_room
D:2:      layout_loops_cross, minmay_misc_feat_five
D:3:      layout_rooms, nicolae_gozag_zags_fifth_avenue, lemuel_round_altar,
          ebering_ghost_disaster_area, tgw_trog, uniq_jessica
D:4:      minmay_thinvault, layout_basic, first_ration, minmay_joined_circles,
          uniq_grinder

Skill      XL: |  1  2  3  4  5  6 |
---------------+-------------------+-----
Fire Magic     | 4 5 6 7 |  7.0
Fighting       | 1 2 3 |  3.8
Dodging        | |  1.5
Stealth        | |  1.5
Spellcasting   | |  1.5
Conjurations   | |  1.0

Action                   |  1- 3 |  4- 6 || total
-------------------------+-------+-------++-------
Melee: Unarmed           |    24 |       ||    24
       Whip              |       |    26 ||    26
       Spear             |       |   156 ||   156
 Fire: Hunting sling     |       |   120 ||   120
Throw: Stone             |     5 |       ||     5
 Cast: Foxfire           |    55 |   100 ||   155
       Conjure Flame     |       |    15 ||    15
  Use: Potion            |       |     3 ||     3
 Stab: Sleeping          |       |     2 ||     2
  Eat: Chunk             |     5 |    11 ||    16
       Ration            |       |     2 ||     2
Armor: Robe              |    13 |    14 ||    27
Dodge: Dodged            |    48 |   130 ||   178

Table legend:
 A = Non-vault XP
 B = Vault XP
 C = Vault XP percentage of total XP
 D = Non-vault monster count
 E = Vault monster count
 F = Vault count percentage of total count
                 A         B        C        D         E       F
            +---------+---------+-------+---------+---------+-------
      Total |     358 |     151 |  29.7 |      76 |      11 |  12.6
            +---------+---------+-------+---------+---------+-------
        D:1 |      35 |       0 |   0.0 |      14 |       0 |   0.0
        D:2 |     105 |       0 |   0.0 |      27 |       0 |   0.0
        D:3 |     126 |      50 |  28.4 |      27 |       6 |  18.2
        D:4 |      92 |     101 |  52.3 |       8 |       5 |  38.5
            +---------+---------+-------+---------+---------+-------
